 Dungeon Crawl Stone Soup: Circus Animals version 1.7-37-g2c94cca (webtiles) character file.

31 Ihatecarrots00 the Conjurer (level 5, 67/67 HPs) *EASY*
             Began as a Deep Elf Conjurer on Sept 20, 2016.
             Was an Initiate of Vehumet.
             Quit the game on level 3 of the Dungeon.
             The game lasted 00:17:46 (2949 turns).

Ihatecarrots00 the Conjurer (Deep Elf Conjurer)     Turns: 2949, Time: 00:17:46

Health: 67/67      AC:  9    Str:  5    XL:     5   Next: 74%
Magic:  132/175    EV:  8    Int: 20    God:    Vehumet [......]
Gold:   258        SH:  0    Dex: 16    Spells: 4 memorised, 2 levels left

rFire  . . .     rPois    .     (no weapon)
rCold  . . .     rElec    .     f - +3 ring mail
rNeg   . . .     rCorr    .     (no shield) MagicSh . . . SeeInvis .
                                (no helmet) StaminaSh . . . Faith .
                                (no cloak) RegenHP +++.......
SustAt .                        (no gloves) RegenSP +++....... Dismiss .
                                (no boots) RegenMP ++++...... Reflect .
                                (no amulet)
MR     .....     Harm     .     (no ring)
Stlth  ++........               (no ring)

@: slow, not resistant to hostile enchantments, unstealthy
A: no striking features
a: Renounce Religion


You were on level 3 of the Dungeon.
You worshipped Vehumet.
Vehumet was noncommittal.
You were not hungry.

You visited 1 branch of the dungeon, and saw 3 of its levels.

You collected 258 gold pieces.

Inventory:

Armour
 a - a +0 robe
 b - a +0 robe
 d - a +0 ring mail
 e - a +0 plate armour
 f - a +3 ring mail (worn)
Jewellery
 c - an uncursed amulet of faith
 g - an uncursed amulet of health regeneration {unknown}
Scrolls
 e - 5 scrolls of identify
 g - 2 scrolls of noise
 h - a scroll of remove curse
 j - 4 scrolls of enchant weapon
Potions
 b - 5 potions of heal wounds
 c - 8 potions of stamina
 d - 5 potions of magic
 f - a potion of mutation {unknown}
 i - 4 potions of curing {unknown}
 k - 4 potions of might {unknown}
 l - a potion of degeneration {unknown}
 m - a potion of agility {unknown}
 n - a potion of flight {unknown}
 o - a potion of ambrosia {unknown}
 p - a potion of cancellation {unknown}
Books
 a - a book of Conjurations

   Spells                             Type                      Level
   a - Magic Dart                     Conjuration                  1
   b - Searing Ray                    Conjuration/Light            2
   c - Dazzling Spray                 Conjuration/Hexes/Light      3
   d - Fulminant Prism                Conjuration/Hexes/Time       4
   e - Iskenderun's Mystic Blast      Conjuration/Ice              4
   f - Iskenderun's Battlesphere      Conjuration/Charms/Light     5


   Skills:
 + Level 0.8 Armour
 + Level 3.0 Dodging
 + Level 3.4 Stealth
 + Level 4.3 Spellcasting
 + Level 4.6 Conjurations
 + Level 1.4 Hexes
 + Level 0.2 Ice Magic
 + Level 1.4 Light Magic


You had 2 spell levels left.
You knew the following spells:

 Your Spells              Type           Power        Failure   Level  Hunger
a - Magic Dart            Conj           #.........   5%          1    ##.....
b - Searing Ray           Conj/Light     #.........   10%         2    ##.....
c - Dazzling Spray        Conj/Hex/Light #.........   18%         3    ###....
d - Iskenderun's Mystic   Conj/Ice       #.........   34%         4    ###....


Dungeon Overview and Level Annotations

Branches:
Dungeon (3/7)

Altars:
Dithmenos
Kikubaaqudgha
Pakellas
Vehumet


Message History

* * * LOW HITPOINT WARNING * * *; You writhe in agony. (hp-3)
* * * LOW HITPOINT WARNING * * *
The orb of energy hits Grinder. (mon hp-11)
The orb of energy explodes!
Grinder hits you but does no damage. Grinder gestures at you.
Pain shoots through your body! (hp-3)
* * * LOW HITPOINT WARNING * * *
The orb of energy hits Grinder. (mon hp-19)
You kill Grinder!
Vehumet accepts your kill.
Your Dodging skill increases to level 3!
You gain insight: a ring mail -> an uncursed ring mail Exploring the dungeon...
You see here 5 gold pieces.
Key pressed, stopping explore.
Exploring the dungeon...
Key pressed, stopping explore.
Exploring the dungeon...
There is an open door here.
A giant gecko comes into view. (hp=5, hd=1)
A giant gecko is nearby!
Are you sure you want to abandon this character and quit the game? (Confirm with "yes".)

# #.##....#........## #
#.##..#####.....## # #..#.##
#..)'## # ##.#.#
##.#..####### #
#.#.#####..#......).# #
#.#.......##..#####.# #
###.#.########...## #.#
#.................###.#####.
#.#.###.)..@................
#.#....l.#####..#####.######
# ##### ## #..# #.#
#..#####.# #........#
#..####### #######..#
#........# #######
#.#####..#


You could see a giant gecko (wandering).

Vanquished Creatures
  Grinder (D:3)
  An ogre (D:3)
  A dart slug (D:2)
  Robin (D:2)
  4 giant geckos
  5 orcs (D:3)
  4 adders (D:2)
  4 ball pythons
  3 giant cockroaches
  23 goblins
  8 hobgoblins
  8 jackals
  11 kobolds
  A quokka (D:2)
  7 bats
  3 giant newts
  An ooze (D:1)
  15 rats
101 creatures vanquished.

Notes
Turn   | Place    | Note
-------+----------+-------------------------------------------
     0 | D:1      | Ihatecarrots00 the Deep Elf Conjurer began the quest for the Orb.
     0 | D:1      | Reached XP level 1. HP: 32/32 MP: 175/175
   177 | D:1      | Reached XP level 2. HP: 40/40 MP: 171/175
   332 | D:1      | Learned a level 2 spell: Searing Ray
   465 | D:1      | Reached XP level 3. HP: 49/49 MP: 171/175
  1283 | D:2      | Reached XP level 4. HP: 58/58 MP: 171/175
  1382 | D:2      | Learned a level 3 spell: Dazzling Spray
  1387 | D:2      | Learned a level 4 spell: Iskenderun's Mystic Blast
  1674 | D:2      | Noticed Robin
  1679 | D:2      | Killed Robin
  2289 | D:3      | Reached skill level 1 in Hexes
  2514 | D:3      | Reached skill level 1 in Light Magic
  2514 | D:3      | Reached XP level 5. HP: 63/63 MP: 166/175
  2633 | D:3      | Found an oddly glowing altar of Pakellas.
  2633 | D:3      | Found an ancient bone altar of Kikubaaqudgha.
  2635 | D:3      | Found a radiant altar of Vehumet.
  2667 | D:3      | Found a shadowy altar of Dithmenos.
  2700 | D:3      | Became a worshipper of Pakellas the Inventive
  2752 | D:3      | Fell from the grace of Pakellas
  2752 | D:3      | Became a worshipper of Vehumet
  2811 | D:3      | Noticed Grinder
  2837 | D:3      | Paralysed by something for 2 turns
  2865 | D:3      | HP: 5/67 [Grinder/nerve-wracking pain (3)]
  2866 | D:3      | Killed Grinder
  2949 | D:3      | Quit the game

Skill      XL: |  1  2  3  4  5 |
---------------+----------------+-----
Stealth        | 3 |  3.4
Spellcasting   | 4 |  4.3
Hexes          | 1 |  1.4
Light Magic    | 1 |  1.4
Dodging        | 3 |  3.0
Armour         | |  0.8
Conjurations   | |  4.6
Ice Magic      | |  0.2

Action                   |  1- 3 |  4- 6 || total
-------------------------+-------+-------++-------
Melee: Unarmed           |    18 |   103 ||   121
 Cast: Magic Dart        |    47 |    63 ||   110
       Searing Ray       |     4 |       ||     4
       Iskenderun's Myst |       |    17 ||    17
  Use: Scroll            |       |     7 ||     7
       Potion            |       |     1 ||     1
Armor: Robe              |       |     2 ||     2
       Plate armour      |       |     1 ||     1
       Ring mail         |       |    13 ||    13
Dodge: Dodged            |    35 |    67 ||   102
